 Seeded DCSS version 0.26.1-10-gdfb7c7de75 (webtiles) character file.

Game seed: 13435453013147752700 (custom seed)

552 wilfster70 the Chiller (level 7, 0/76 HPs)
             Began as a Gnoll Ice Elementalist on Apr 10, 2021.
             Was an Initiate of Ashenzari.
             Succumbed to a killer bee's poison
             ... on level 4 of the Dungeon.
             The game lasted 00:08:47 (2306 turns).

wilfster70 the Chiller (Gnoll Ice Elementalist)     Turns: 2306, Time: 00:08:48

Health: 0/76       AC: 23    Str: 11    XL:     7   Next: 29%
Magic:  9/15       EV:  2    Int: 19    God:    Ashenzari [......]
Gold:   198        SH:  0    Dex: 15    Spells: 8/17 levels left

rFire    . . .     SeeInvis .   a - +0 spear
rCold    . . .     Faith    .   (no shield)
rNeg     + + +     Spirit   .   (armour currently unavailable)
rPois    +         Reflect  .   (helmet currently unavailable)
rElec    .         Harm     .   (cloak currently unavailable)
rCorr    .         Rampage  .   (gloves currently unavailable)
Will     .....     NoTele   +   (boots currently unavailable)
Stlth    +++.......             (no amulet)
HPRegen  0.22/turn              (no ring)
MPRegen  0.14/turn              (no ring)

@: mighty, lethally poisoned (0 -> -7), tree-form, frozen ramparts
A: distributed training, strong nose
a: Renounce Religion, Curse Item


You were on level 4 of the Dungeon.
You worshipped Ashenzari.
Ashenzari was noncommittal.
You were a tree.
You visited 1 branch of the dungeon, and saw 4 of its levels.

You collected 198 gold pieces.

Inventory:

Hand Weapons
 a - a +0 spear (weapon)
Missiles
 o - 24 poisoned darts (quivered)
Armour
 c - a +0 leather armour (melded)
Jewellery
 i - an uncursed ring of protection from fire
Wands
 t - a wand of random effects (13)
Scrolls
 b - a scroll of teleportation
 d - a scroll of fear {unknown}
 e - a scroll of random uselessness {unknown}
 g - a scroll of amnesia {unknown}
 h - a scroll of enchant weapon {unknown}
 m - a scroll of remove curse
 n - 2 scrolls of magic mapping {unknown}
 r - a scroll of blinking {unknown}
Potions
 f - a potion of flight {unknown}
 j - a potion of mutation {unknown}
 k - a potion of haste {unknown}
 q - a potion of cancellation
 s - 2 potions of brilliance


   Skills:
 + Level 2.4 Fighting
 + Level 2.4 Short Blades
 + Level 2.4 Long Blades
 + Level 2.4 Axes
 + Level 2.4 Maces & Flails
 + Level 2.4 Polearms
 + Level 2.4 Staves
 + Level 2.4 Slings
 + Level 2.4 Bows
 + Level 2.4 Crossbows
 + Level 2.4 Throwing
 + Level 2.4 Armour
 + Level 5.2 Dodging
 + Level 4.8 Stealth
 + Level 2.4 Shields
 + Level 2.4 Unarmed Combat
 + Level 5.6 Spellcasting
 + Level 2.0 Conjurations
 + Level 2.0 Hexes
 + Level 2.0 Summonings
 + Level 2.0 Necromancy
 + Level 2.0 Translocations
 + Level 2.0 Transmutations
 + Level 2.0 Fire Magic
 + Level 7.4 Ice Magic
 + Level 2.0 Air Magic
 + Level 2.0 Earth Magic
 + Level 2.0 Poison Magic
 + Level 2.6 Invocations
 + Level 2.4 Evocations


You had 8 spell levels left.
You knew the following spells:

 Your Spells              Type           Power        Failure   Level
a - Ozocubu's Armour      Ice            33%          1%          3
b - Frozen Ramparts       Ice            66%          1%          3
c - Freeze                Ice            100%         1%          1
d - Call Imp              Summ           12%          8%          2

Your spell library contained the following spells:

 Spells                   Type           Power        Failure   Level
 Magic Dart               Conj           48%          5%          1
 Blink                    Tloc           N/A          8%          2
 Slow                     Hex            12%          8%          2
 Conjure Flame            Conj/Fire      12%          16%         3
 Mephitic Cloud           Conj/Pois/Air  12%          16%         3
 Hailstorm                Conj/Ice       23%          17%         4
 Summon Ice Beast         Ice/Summ       23%          17%         4


Dungeon Overview and Level Annotations

Branches:
Dungeon (4/15)
 Temple: D:4-7

Altars:
Ashenzari
Nemelex Xobeh
Okawaru


Innate Abilities, Weirdness & Mutations

Your experience applies equally to all skills.
((You have very sharp teeth.))
Your uncanny sense of smell can sniff out nearby items.


Message History

* * * LOW HITPOINT WARNING * * *
It was a potion of lignification.
You turn into a tree.
Your +0 leather armour melds into your body.
Your roots penetrate the ground.
* * * LOW HITPOINT WARNING * * *
You feel sick.
The wall freezes the killer bee.
You kill the killer bee!
Your Conjurations skill increases to level 2!
Your Hexes skill increases to level 2!
Your Summonings skill increases to level 2!
Your Necromancy skill increases to level 2!
Your Translocations skill increases to level 2!
Your Transmutations skill increases to level 2!
Your Fire Magic skill increases to level 2!
Your Air Magic skill increases to level 2!
Your Earth Magic skill increases to level 2!
Your Poison Magic skill increases to level 2!
It was a potion of might.
You feel very mighty all of a sudden.
You die...

###.##..# #.#
##... #.##..#
#.## ..
#.##..##...# .
#.#......#.
###...##...#
#...###.##
#.......#
#.#.#####
#..#♣#
.##..#†††.....
.8##.##########
# #. #.


There were no monsters in sight!

Vanquished Creatures
  A scorpion (D:4)
  6 killer bees (D:4)
  An orc priest (D:4)
  2 orc wizards
  Ijyb (D:3)
  3 gnolls (D:3)
  4 adders
  2 worms
  2 dart slugs (D:2)
  2 leopard geckos
  4 orcs
  2 ball pythons
  2 giant cockroaches
  5 goblins
  3 hobgoblins
  6 jackals
  9 kobolds
  A quokka (D:3)
  5 bats
  3 frilled lizards
  7 rats
71 creatures vanquished.

Notes
Turn   | Place    | Note
-------+----------+-------------------------------------------
     0 | D:1      | wilfster70 the Gnoll Ice Elementalist began the quest for
                  | the Orb.
     0 | D:1      | Reached XP level 1. HP: 13/13 MP: 6/6
    68 | D:1      | Found a broken altar of Ashenzari.
    82 | D:1      | Became a worshipper of Ashenzari the Shackled
   215 | D:1      | Reached XP level 2. HP: 19/19 MP: 5/7
   808 | D:2      | Reached skill level 5 in Spellcasting
   808 | D:2      | Reached XP level 3. HP: 23/25 MP: 7/9
   812 | D:2      | Learned a level 3 spell: Frozen Ramparts
   816 | D:2      | Learned a level 3 spell: Ozocubu's Armour
   904 | D:2      | Reached skill level 1 in Invocations
  1157 | D:2      | Reached skill level 1 in Fighting
  1157 | D:2      | Reached skill level 1 in Short Blades
  1157 | D:2      | Reached skill level 1 in Long Blades
  1157 | D:2      | Reached skill level 1 in Axes
  1157 | D:2      | Reached skill level 1 in Maces & Flails
  1157 | D:2      | Reached skill level 1 in Polearms
  1157 | D:2      | Reached skill level 1 in Staves
  1157 | D:2      | Reached skill level 1 in Slings
  1157 | D:2      | Reached skill level 1 in Bows
  1157 | D:2      | Reached skill level 1 in Crossbows
  1157 | D:2      | Reached skill level 1 in Throwing
  1157 | D:2      | Reached skill level 1 in Armour
  1157 | D:2      | Reached skill level 1 in Shields
  1157 | D:2      | Reached skill level 1 in Unarmed Combat
  1157 | D:2      | Reached skill level 1 in Evocations
  1157 | D:2      | Reached XP level 4. HP: 32/32 MP: 7/11
  1455 | D:3      | Reached skill level 1 in Conjurations
  1455 | D:3      | Reached skill level 1 in Hexes
  1455 | D:3      | Reached skill level 1 in Summonings
  1455 | D:3      | Reached skill level 1 in Necromancy
  1455 | D:3      | Reached skill level 1 in Translocations
  1455 | D:3      | Reached skill level 1 in Transmutations
  1455 | D:3      | Reached skill level 1 in Fire Magic
  1455 | D:3      | Reached skill level 1 in Air Magic
  1455 | D:3      | Reached skill level 1 in Earth Magic
  1455 | D:3      | Reached skill level 1 in Poison Magic
  1539 | D:3      | Learned a level 2 spell: Call Imp
  1649 | D:3      | Noticed Ijyb
  1665 | D:3      | Killed Ijyb
  1666 | D:3      | Reached XP level 5. HP: 30/37 MP: 6/12
  2021 | D:3      | Found a sparkling altar of Nemelex Xobeh.
  2243 | D:4      | Found an iron altar of Okawaru.
  2256 | D:4      | Reached XP level 6. HP: 39/44 MP: 9/13
  2261 | D:4      | Reached skill level 5 in Dodging
  2301 | D:4      | Reached XP level 7. HP: 22/50 MP: 11/15
  2304 | D:4      | HP: 2/51 [killer bee (3)]
  2306 | D:4      | Succumbed to a killer bee's poison

Illustrated notes

Levels and vault maps discovered:
D:1:      giann_forest_graveyard, layout_rooms, serial_curves, eino_curves_03,
          eino_curves_03, hangedman_abyss_or_decor_stabs,
          nicolae_ashenzari_panopticon
D:2:      layout_rooms
D:3:      layout_basic, chequers_decorated_corner, nemelex_spade_bored_becter,
          uniq_ijyb
D:4:      layout_loops_ring, nicolae_overflow_hidden_temple, okawaru_gym_becter

Skill      XL: |  1  2  3  4  5  6  7 |
---------------+----------------------+-----
Spellcasting   | 5 |  5.6
Invocations    | 1 2 |  2.6
Fighting       | 1 2 |  2.4
Short Blades   | 1 2 |  2.4
Long Blades    | 1 2 |  2.4
Axes           | 1 2 |  2.4
Maces & Flails | 1 2 |  2.4
Polearms       | 1 2 |  2.4
Staves         | 1 2 |  2.4
Slings         | 1 2 |  2.4
Bows           | 1 2 |  2.4
Crossbows      | 1 2 |  2.4
Throwing       | 1 2 |  2.4
Armour         | 1 2 |  2.4
Shields        | 1 2 |  2.4
Unarmed Combat | 1 2 |  2.4
Evocations     | 1 2 |  2.4
Conjurations   | 1 2 |  2.0
Hexes          | 1 2 |  2.0
Summonings     | 1 2 |  2.0
Necromancy     | 1 2 |  2.0
Translocations | 1 2 |  2.0
Transmutations | 1 2 |  2.0
Fire Magic     | 1 2 |  2.0
Air Magic      | 1 2 |  2.0
Earth Magic    | 1 2 |  2.0
Poison Magic   | 1 2 |  2.0
Dodging        | 5 |  5.2
Stealth        | |  4.8
Ice Magic      | |  7.4

Action                   |  1- 3 |  4- 6 |  7- 9 || total
-------------------------+-------+-------+-------++-------
Melee: Short sword       |    25 |    19 |       ||    44
       Bite              |     1 |     1 |     1 ||     3
       Spear             |       |    31 |     3 ||    34
Throw: Dart              |       |     3 |       ||     3
 Cast: Freeze            |    18 |       |       ||    18
       Frozen Ramparts   |     6 |    10 |     1 ||    17
  Use: Scroll            |       |     4 |       ||     4
       Potion            |       |       |     2 ||     2
 Stab: Sleeping          |     3 |     3 |       ||     6
Armor: Leather armour    |     7 |     6 |       ||    13
Dodge: Dodged            |    34 |    19 |     3 ||    56
